 Dungeon Crawl Stone Soup version 0.24.1-4-ge52af88ad5 (webtiles) character file.

Game seed: 5650949554428908843, levelgen mode: deterministic

70 Curus the Cudgeler (level 4, -9/33 HPs)
             Began as a Demonspawn Gladiator on Apr 19, 2020.
             Mangled by Sigmund
             ... wielding a +0 scythe of distortion
              (20 damage)
             ... on level 2 of the Dungeon.
             The game lasted 00:05:24 (1270 turns).

Curus the Cudgeler (Demonspawn Gladiator)           Turns: 1270, Time: 00:05:25

Health: -9/33      AC:  9    Str: 19    XL:     4   Next: 3%
Magic:  4/4        EV:  8    Int: 10    God:
Gold:   31         SH:  0    Dex: 15    Spells: 3/3 levels left

rFire    + . .     SeeInvis .   a - +0 flail
rCold    . . .     Gourm    .   (no shield)
rNeg     . . .     Faith    .   j - +0 chain mail
rPois    .         Spirit   .   c - +0 helmet
rElec    .         Reflect  .   (no cloak)
rCorr    .         Harm     .   (no gloves)
MR       .....                  (no boots)
Stlth    ..........             (no amulet)
HPRegen  0.11/turn              (no ring)
MPRegen  0.09/turn              (no ring)

@: mighty
A: talons 1, fire resistance 1, flame cloud immunity
a: no special abilities


You were on level 2 of the Dungeon.
You were not hungry.

You visited 1 branch of the dungeon, and saw 2 of its levels.

You collected 31 gold pieces.

Inventory:

Hand Weapons
 a - a +0 flail (weapon)
Missiles
 d - 2 throwing nets (quivered)
Armour
 b - a +1 leather armour
 c - a +0 helmet (worn)
 h - a +0 scale mail
 j - a +0 chain mail (worn)
Scrolls
 i - a scroll of remove curse
Potions
 e - a potion of resistance
Comestibles
 f - 2 rations


   Skills:
 - Level 2.0 Fighting
 - Level 3.8 Maces & Flails
 - Level 1.7 Throwing
 - Level 2.6 Dodging
 + Level 2.0 Unarmed Combat


You had 3 spell levels left.
You didn't know any spells.
Your spell library was empty.

Dungeon Overview and Level Annotations

Branches:
Dungeon (2/15)

Altars:

Annotations:
D:2 Sigmund


Innate Abilities, Weirdness & Mutations

You have sharp toenails.
Your flesh is heat resistant. (rF+)
You are immune to clouds of flame.


Message History

Deactivating autopickup; reactivate with Ctrl-A.
Something wriggles in the net.
All of a sudden the net rips apart!
You closely miss something. You thump something!
Something hits you but does no damage. Space bends around you.
You barely miss something. You claw something.
You hear some strange, mumbled words.
A magic dart appears from out of thin air!
The magic dart hits you but does no damage.
You hit something. Something hits you. Space bends around you.
You miss something. Your kick misses something.
Something completely misses you.
You closely miss something. Your kick misses something.
You hear some strange, mumbled words.
A magic dart appears from out of thin air!
The magic dart hits you.
You feel very mighty all of a sudden. Something hits you but does no damage.
Space warps horribly around you!!
Ouch! That really hurt!
You die...

#......#.......##..
###....
###.####.#.#####+####.
###..
....#.#+#'#......## ##
### #
##.......)......... #
#.#..................
#....................
#.....##.............
#.....''.....{.....##
#.....##.....@.......
#.... #......#########
#.## ##+#+##.........
# #.#####... #.# #.#
#.# #.# #..


There were no monsters in sight!

Vanquished Creatures
  2 adders (D:2)
  A worm (D:2)
  2 leopard geckos (D:1)
  6 bats
  A giant cockroach (D:2)
  5 goblins
  7 hobgoblins
  2 jackals (D:1)
  A quokka (D:2)
  A ball python (D:2)
  5 frilled lizards
  9 kobolds
  3 rats (D:1)
45 creatures vanquished.

Notes
Turn   | Place    | Note
-------+----------+-------------------------------------------
     0 | D:1      | Curus the Demonspawn Gladiator began the quest for the Orb.
     0 | D:1      | Reached XP level 1. HP: 16/16 MP: 1/1
    82 | D:1      | Reached skill level 3 in Maces & Flails
   120 | D:1      | Gained mutation: Your flesh is heat resistant. (rF+)
                  | [demonic ancestry]
   120 | D:1      | Reached XP level 2. HP: 14/22 MP: 2/2
   790 | D:1      | Gained mutation: You have sharp toenails. [demonic
                  | ancestry]
   790 | D:1      | Reached XP level 3. HP: 19/27 MP: 3/3
  1016 | D:2      | Reached skill level 1 in Unarmed Combat
  1239 | D:2      | Gained mutation: You are immune to clouds of flame.
                  | [demonic ancestry]
  1239 | D:2      | Reached XP level 4. HP: 33/33 MP: 4/4
  1252 | D:2      | Noticed Sigmund
  1270 | D:2      | Mangled by Sigmund

Levels and vault maps discovered:
D:1:      tarquinn_simple_flora_water_d, layout_loops_ring
D:2:      minmay_skewed_foursquare, layout_basic, xom_butterflies,
          grunt_dithmenos_smoke, serial_bayou_lagoon_b, uniq_sigmund

Skill      XL: |  1  2  3  4 |
---------------+-------------+-----
Maces & Flails | 3 |  3.8
Unarmed Combat | 1 2 |  2.0
Fighting       | |  2.0
Throwing       | |  1.7
Dodging        | |  2.6

Action                   |  1- 3 |  4- 6 || total
-------------------------+-------+-------++-------
Melee: Flail             |   127 |    10 ||   137
       Kick              |    11 |     2 ||    13
Throw: Throwing net      |       |     1 ||     1
  Use: Potion            |     5 |     1 ||     6
       Scroll            |     5 |       ||     5
  Eat: Chunk             |     1 |       ||     1
Armor: Leather armour    |    23 |       ||    23
       Scale mail        |    16 |       ||    16
       Chain mail        |     9 |     6 ||    15
Dodge: Dodged            |    94 |     1 ||    95
